 Seeded DCSS version 0.30-a0-953-g5f1da4a474 (webtiles) character file.

Game seed: 3125986916090331667 (custom seed)

7 Parcival the Shield-Bearer (level 1, 20/20 HPs)
             Began as a Minotaur Fighter on Mar 28, 2023.
             Quit the game on level 1 of the Dungeon.
             The game lasted 00:01:01 (201 turns).

Parcival the Shield-Bearer (Minotaur Fighter)        Turns: 201, Time: 00:01:01

Health: 20/20      AC:  7    Str: 20    XL:     1   Next: 83%
Magic:  0/0        EV:  9    Int:  5    God:
Gold:   21         SH:  0    Dex:  9    Spells: 0/0 levels left

rFire   . . .      SeeInvis .    c - +5 lajatang (spect)
rCold   . . .      Faith    .    (shield currently unavailable)
rNeg    . . .      Spirit   .    b - +0 scale mail
rPois   .          Reflect  .    (helmet restricted)
rElec   .          Rampage  .    (no cloak)
rCorr   .                        (no gloves)
Will    .....                    (no boots) Stlth
                                 (no amulet)
HPRegen 0.23/turn                (no ring)
MPRegen 0.07/turn                (no ring)

@: no status effects
A: horns 2, retaliatory headbutt
a: no special abilities


You were on level 1 of the Dungeon.
You visited 1 branch of the dungeon, and saw 1 of its levels.

You collected 21 gold pieces.

Inventory:

Hand Weapons
 a - a +0 war axe
 c - a +5 spectral lajatang (weapon)
Armour
 b - a +0 scale mail (worn)
Potions
 d - a potion of might


   Skills:
 + Level 3.7 Fighting
 + Level 2.5 Axes
 + Level 3.7 Armour
 + Level 0.2 Dodging
 + Level 3.9 Shields


You couldn't memorise any spells.
You didn't know any spells.
Your spell library was empty.

Dungeon Overview and Level Annotations

Branches:
Dungeon (1/15)

Altars:


Innate Abilities, Weirdness & Mutations

You have a pair of horns on your head.
You reflexively headbutt those who attack you in melee.


Message History

Orders for allies: a - Attack new target. r - Retreat! s - Stop attacking. g - Guard the area. f - Follow me.
Anything else - Cancel.
Okay, then.
Sorry, you're not good enough to have a special ability.
Press: ? - help, v - describe, . - travel The floor.
A rat comes into view.
The kobold closely misses you.
You barely miss the kobold.
Your +5 spectral lajatang closely misses the kobold.
The kobold hits you with a +0 whip.
You slice the kobold!!
You kill the kobold!
You slice the rat!!
You kill the rat!
Things that are here:
a +0 whip; a kobold corpse
Found a stone staircase leading down.
There is a stone staircase leading down here.
Found 4 stones.
Found a short sword.
You see here 4 stones.
Found a stone staircase leading down.
A kobold comes into view. It is wielding a +0 short sword.
The kobold shouts!
A kobold is nearby!
There is a stone staircase leading down here.
You closely miss the kobold. You headbutt the kobold.
You kill the kobold!
Found 11 gold pieces.
You see here a +0 short sword.
You now have 11 gold pieces.
You now have 21 gold pieces (gained 10).
A rat comes into view.
A rat is nearby!
A rat is nearby!
A rat is nearby!
Are you sure you want to abandon this character and quit the game? (Confirm with "yes".)

. #.
#########
#.##.....r.#
##....@##
.....#...##
####......#
#.#...##
#.#..####.#
.P..~##.#
#.........#
Pb8.P.~#.#
##.#.###.##
...♣...~#.##
#.#.##
P..)b.P.+..#
#.#..# #


You could see a rat.

Vanquished Creatures
  An endoplasm (D:1)
  2 kobolds (D:1)
  A ball python (D:1)
  2 goblins (D:1)
  A rat (D:1)
7 creatures vanquished.

Notes
Turn   | Place    | Note
-------+----------+-------------------------------------------
     0 | D:1      | Parcival the Minotaur Fighter began the quest for the Orb.
     0 | D:1      | Reached XP level 1. HP: 19/19 MP: 0/0
    20 | D:1      | Identified a scroll of acquirement
    20 | D:1      | Acquired a +5 spectral lajatang
   201 | D:1      | Quit the game

Illustrated notes

Levels and vault maps discovered:
D:1:      amcnicky_arrival_single_pillar, layout_loops_cross,
          hangedman_glass_garden

Action                     || total
---------------------------++-------
  Melee: Lajatang          ||     8
         War axe           ||     3
         Headbutt          ||     1
    Use: Scroll            ||     1
 Armour: Scale mail        ||     2
  Dodge: Dodged            ||     8
  Block: Buckler           ||     2

Table legend: (Time is in decaauts)
 A = Elapsed time spent in this place.
 B = Non-inter-level travel time spent in this place.
 C = Inter-level travel time spent in this place.
 D = Time resting spent in this place.
 E = Time spent auto-exploring this place.
 F = Levels seen in this place.
 G = Mean time per level.
                   A        B        C        D        E       F      G
               +--------+--------+--------+--------+--------+-----+--------+
         Total |    205 |    205 |      0 |      0 |    138 |   1 |  205.0 |
       Dungeon |    205 |    205 |      0 |      0 |    138 |   1 |  205.0 |
               +--------+--------+--------+--------+--------+-----+--------+

Top non-repeatable levels by time:
     D:1: 205 daAuts
